 Dungeon Crawl Stone Soup version 0.28-a0-779-g3d1f99b579 (webtiles) character file.

Game seed: 12226227532795271515

4 ytrimaz the Skirmisher (level 1, 20/20 HPs)
             Began as a Minotaur Fighter on Nov 3, 2021.
             Was a Follower of Trog.
             Quit the game on level 1 of the Dungeon.
             The game lasted 00:00:30 (123 turns).

ytrimaz the Skirmisher (Minotaur Fighter)            Turns: 123, Time: 00:00:30

Health: 20/20      AC:  7    Str: 20    XL:     1   Next: 50%
Magic:  0/0        EV:  9    Int:  5    God:    Trog [*.....]
Gold:   14         SH:  4    Dex:  9    Spells: 0/0 levels left

rFire   . . .      SeeInvis .   a - +0 war axe
rCold   . . .      Faith    .   c - +0 buckler
rNeg    . . .      Spirit   .   b - +0 scale mail
rPois   .          Reflect  .   (helmet restricted)
rElec   .          Harm     .   (no cloak)
rCorr   .          Rampage  .   (no gloves)
Will    .....                   (no boots)
Stlth   ..........              (no amulet)
HPRegen 0.06/turn               (no ring)
MPRegen 0.07/turn               (no ring)

@: no status effects
A: horns 2, retaliatory headbutt
a: Renounce Religion, Berserk


You were on level 1 of the Dungeon.
You worshipped Trog.
Trog was aware of your devotion.
You visited 1 branch of the dungeon, and saw 1 of its levels.

You collected 14 gold pieces.

Inventory:

Hand Weapons
 a - a +0 war axe (weapon)
Armour
 b - a +0 scale mail (worn)
 c - a +0 buckler (worn)
Potions
 d - a potion of might


   Skills:
 + Level 3.7 Fighting
 + Level 2.4 Axes
 + Level 3.7 Armour
 * Level 0.1 Dodging
 + Level 3.6 Shields


You couldn't memorise any spells.
You didn't know any spells.
Your spell library was empty.

Dungeon Overview and Level Annotations

Branches:
Dungeon (1/15)

Altars:
Trog


Innate Abilities, Weirdness & Mutations

You have a pair of horns on your head.
You reflexively headbutt those who attack you in melee.


Message History

You kill the quokka!
No target in view!
No target in view!
No target in view!
No target in view!
No target in view!
No target in view!
No target in view!
You now have 14 gold pieces.
A kobold comes into view. It is wielding a +0 dagger.
The kobold shouts!
A kobold is nearby!
You hit the kobold.
You kill the kobold!
A rat comes into view.
Search for what [? for help]? altar You see here a +0 dagger.
You can't go down here!
A ball python comes into view.
The ball python hisses angrily.
The rat closely misses you.
You hit the rat but do no damage. The rat barely misses you.
You slash the rat!
You kill the rat!
You see here a rat corpse.
The ball python bites you but does no damage.
You block the ball python's attack.
You hit the ball python.
You kill the ball python!
You see here a ball python corpse.
You see here a ball python corpse.
Search for what [Enter for "altar", or ? for help]? alt
There is a faded altar of an unknown god here.
You cannot tell which god this altar belongs to.
Convert to them anyway?
Okay, then.
You cannot tell which god this altar belongs to.
Convert to them anyway?
Trog accepts your prayer! Trog welcomes you!
You can now go berserk at will.
Are you sure you want to abandon this character and quit the game? (Confirm with "yes".)

##################
#@_...............
#..............###
#.#.#########.##
#.#.# #.#
#.####.#.###
#.####
...........^####
#.....
##.............#
#..###
#.######.#.##(#
#..# # ###.#.#
#..###


There were no monsters in sight!

Vanquished Creatures
  A ball python (D:1)
  A quokka (D:1)
  A kobold (D:1)
  A rat (D:1)
4 creatures vanquished.

Notes
Turn   | Place    | Note
-------+----------+-------------------------------------------
     0 | D:1      | ytrimaz the Minotaur Fighter began the quest for the Orb.
     0 | D:1      | Reached XP level 1. HP: 19/19 MP: 0/0
    28 | D:1      | Found a faded altar of an unknown god.
   121 | D:1      | Prayed at the altar of an unknown god.
   121 | D:1      | Became a worshipper of Trog the Wrathful
   121 | D:1      | Reached * piety under Trog
   123 | D:1      | Quit the game

Illustrated notes

Levels and vault maps discovered:
D:1:      psy_arrival_terrarium, layout_loops_ring, basic_ecumenical_altar

Action                   || total
-------------------------++-------
Melee: War axe           ||     6
Armor: Scale mail        ||     1
Dodge: Dodged            ||     3
Block: Buckler           ||     1

Table legend: (Time is in decaauts)
 A = Elapsed time spent in this place.
 B = Non-inter-level travel time spent in this place.
 C = Inter-level travel time spent in this place.
 D = Time resting spent in this place.
 E = Time spent auto-exploring this place.
 F = Levels seen in this place.
 G = Mean time per level.
                   A        B        C        D        E       F      G
               +--------+--------+--------+--------+--------+-----+--------+
         Total |    125 |     99 |     26 |      0 |     69 |   1 |  125.0 |
       Dungeon |    125 |     99 |     26 |      0 |     69 |   1 |  125.0 |
               +--------+--------+--------+--------+--------+-----+--------+

Top non-repeatable levels by time:
     D:1: 125 daAuts
